Cogmind - Beta 13 @@@ ROGUE MODE // 2024.05.16 @ 16:10:50 Player: BatSpy Result: Destroyed by as-11534 with Assembled Rifle Performance ------------- Evolutions (1) 500 Regions Visited (4) 800 Robots Destroyed (26) 130 Value Destroyed (530) 530 Prototype IDs (1) 20 Alien Tech Used (0) 0 Bonus (0) 0 TOTAL SCORE: 1980 Bonus ------- None Cogmind --------- Core Integrity 0/400 Matter 282/300 Energy 57/100 System Corruption 9% Temperature Cool (0) Movement Treading (160) Location -9/Mines Parts ------- > --- POWER (1) -------- (None) > --- PROPULSION (4) --- Light Treads > --- UTILITY (2) ------ Signal Interpreter > --- WEAPON (2) ------- Improved EM Pulse Cannon > --- INVENTORY (5) ---- Light Armor Plating System Restoration Module Improved Trap Extractor (0/6) Peak State ------------ > --- POWER ------------ Light Ion Engine > --- PROPULSION ------- Medium Treads Improved Aluminum Leg Improved Aluminum Leg Improved Aluminum Leg > --- UTILITY ---------- Signal Interpreter Improved Targeting Computer > --- WEAPON ----------- Heavy EM Shotgun Heavy EM Shotgun > --- INVENTORY -------- System Restoration Module Improved Trap Extractor Heavy EM Shotgun Improved EM Pulse Cannon Improved EM Pulse Cannon [Rating: 24] Favorites ----------- Power Light Ion Engine Engine Light Ion Engine Power Core Light Nuclear Core Propulsion Improved Aluminum Leg Treads Medium Treads Leg Improved Aluminum Leg Utility Targeting Computer Processor Targeting Computer Protection Light Armor Plating Weapon Heavy Assault Rifle Energy Gun Heavy EM Shotgun Energy Cannon Improved EM Pulse Cannon Ballistic Gun Heavy Assault Rifle Launcher Mini Grenade Launcher Build | -11 -10 -10 -9 -9 ------- Run | Yrd Mat Min Mat Min Slots Evolved 2 | . . . 2 . Power . | . . . . . Propulsion 2 | . . . 2 . Utility . | . . . . . Weapon . | . . . . . Parts Attached 37 | 5 13 2 7 10 Power 4 | 1 . 1 1 1 Engine 3 | 1 . . 1 1 Core 1 | . . 1 . . Reactor . | . . . . . Propulsion 10 | 2 1 . 5 2 Treads 3 | . . . 1 2 Leg 7 | 2 1 . 4 . Wheel . | . . . . . Hover . | . . . . . Flight . | . . . . . Utility 5 | . 3 . . 2 Device . | . . . . . Storage . | . . . . . Processor 3 | . 2 . . 1 Hackware . | . . . . . Protection 2 | . 1 . . 1 Artifact . | . . . . . Weapon 18 | 2 9 1 1 5 Energy Gun 5 | 2 . . . 3 Energy Cannon 2 | . . . . 2 Ballistic Gun 6 | . 5 . 1 . Ballistic Cannon . | . . . . . Launcher 5 | . 4 1 . . Special Weapon . | . . . . . Impact Weapon . | . . . . . Slashing Weapon . | . . . . . Piercing Weapon . | . . . . . Special Melee Weapon . | . . . . . Unidentified Prototypes 1 | . . . . 1 Parts Lost 14 | . 1 . 2 11 Power 3 | . . . 1 2 Propulsion 5 | . . . 1 4 Utility 2 | . . . . 2 Weapon 4 | . 1 . . 3 Highest Loss Streak 7 | . 1 . 1 7 To Critical Strikes . | . . . . . Average Slot Usage (%) 95 | . 94 100 95 93 Engine 9 | . 14 14 . 10 Core 1 | . . . 6 . Treads 5 | . . . 5 11 Leg 30 | . 28 28 37 29 Processor 20 | . 14 28 22 20 Protection 2 | . 8 . . . Energy Gun 5 | . . . . 15 Ballistic Gun 14 | . 16 24 21 5 Launcher 3 | . 10 3 . . Naked Turns . | . . . . . Heaviest Build 12 | 6 12 9 11 12 Greatest Support 52 | 20 23 23 52 39 Greatest Overweight (x) . | . . . . . Average Overweight (x) . | . . . . . Largest Inventory Capacity 5 | 5 5 5 5 5 Average Capacity 5 | 5 5 5 5 5 Most Carried 5 | 5 5 5 5 5 Average Carried 4 | . 4 4 4 4 Final Capacity 5 | 5 5 5 5 5 Final Carried 5 | . 4 5 5 3 Class Distribution -------------------- 100% | Mutant Dominant Class ---------------- Mutant | -10/Materials Mutant | -10/Mines Mutant | -9/Materials Mutant | -9/Mines Resources | -11 -10 -10 -9 -9 ----------- Run | Yrd Mat Min Mat Min Matter Collected 826 | 225 150 88 267 96 Remotely . | . . . . . Salvage Created 659 | . 164 88 176 231 Parts 55 | . 19 12 17 7 Haulers Intercepted 1 | . 1 . . . Recyclers Shooed . | . . . . . Parts Field Recycled . | . . . . . Retrieved Matter . | . . . . . Parts Self-Destructed . | . . . . . Prevented . | . . . . . Kills | -11 -10 -10 -9 -9 ------- Run | Yrd Mat Min Mat Min Combat Hostiles Destroyed 23 | . 8 5 2 8 Guns 17 | . 5 2 2 8 AOE 6 | . 3 3 . . Classes Destroyed 8 | . 5 1 1 1 Worker 2 | . 1 . 1 . Builder 1 | . 1 . . . Hauler 1 | . 1 . . . Watcher 5 | . 2 . 3 . Swarmer 11 | . 8 3 . . Grunt 2 | . . 2 . . Sentry 4 | . . . 2 2 Assembled 6 | . . . . 6 Best Kill Streak 4 | . 4 3 3 4 Combat Bots Only 4 | . 3 3 1 4 Max Kills in Single Turn 3 | . 2 3 2 1 Gunslinging . | . . . . . Exploded 2 | . 1 2 . . Melee . | . . . . . Uniques/NPCs Destroyed . | . . . . . Combat | -11 -10 -10 -9 -9 -------- Run | Yrd Mat Min Mat Min Hostile Shots Fired 177 | . 27 5 24 121 Missed 50 | . 12 3 3 32 Damage Taken 2148 | . 354 55 310 1429 Core 483 | . 79 . 48 356 Absorbed by Shields . | . . . . . Core Remaining (%) 84 | 100 . 68 . . Volleys Fired 64 | . 19 4 21 20 Largest 2 | . 2 2 2 2 Hottest 100 | . 60 53 46 100 Shots Fired 111 | . 33 8 42 28 Gun 100 | . 26 4 42 28 Cannon . | . . . . . Launcher 11 | . 7 4 . . Special . | . . . . . Kinetic 72 | . 26 4 42 . Thermal . | . . . . . Explosive 11 | . 7 4 . . Electromagnetic 28 | . . . . 28 Robot Hit Streak 13 | . 4 4 13 7 Robot Miss Streak 5 | . 3 1 2 5 Penetration Max . | . . . . . Secondary Targets 3 | . 1 . . 2 Max Gunslinging Chain 1 | . 1 . . 1 Shots Hit Robots 70 | . 14 4 30 22 Core Hits 44 | . 13 7 8 16 Critical Kills . | . . . . . Critical Parts Destroyed . | . . . . . Critical Strikes . | . . . . . Melee Attacks . | . . . . . Impact . | . . . . . Slashing . | . . . . . Piercing . | . . . . . Sneak Attacks . | . . . . . Combat Hostiles . | . . . . . Follow-up Attacks . | . . . . . Damage Inflicted 1682 | . 668 195 468 351 Guns 1062 | . 195 48 468 351 Cannons . | . . . . . Explosions 620 | . 473 147 . . Melee . | . . . . . Ramming . | . . . . . Kinetic 711 | . 195 48 468 . Thermal . | . . . . . Explosive 620 | . 473 147 . . Electromagnetic 351 | . . . . 351 Impact . | . . . . . Slashing . | . . . . . Piercing . | . . . . . Highest Corruption 9 | . . . . 9 Average Corruption 8 | . . . . 8 Corruption Purged . | . . . . . Corruption Blocked . | . . . . . Effects 3 | . . . . 3 Message Errors 1 | . . . . 1 Matter Fused 1 | . . . . 1 Weapon Failures 1 | . . . . 1 Overload Shots . | . . . . . Overflow Damage 33 | . 33 . . . Projectiles . | . . . . . Explosions 33 | . 33 . . . Melee . | . . . . . Knockbacks . | . . . . . Impact . | . . . . . Kinetic . | . . . . . Secondary . | . . . . . Self-Inflicted Damage 283 | . 242 41 . . Shots 6 | . 5 1 . . Rammed . | . . . . . Targets Rammed . | . . . . . Kicked . | . . . . . Crushed . | . . . . . Highest Temperature 122 | . 9 . 3 122 Average Temperature 26 | . 6 . 3 31 Received Heat Transfer 119 | . . . 81 38 Siege Activations . | . . . . . Robots Corrupted . | . . . . . Combat Hostiles . | . . . . . Parts Fried 1 | . . . . 1 Impact Corruptions . | . . . . . Robots Melted . | . . . . . Combat Hostiles . | . . . . . Parts Melted . | . . . . . Heat Transferred . | . . . . . Parts Sabotaged . | . . . . . Parts Stolen . | . . . . . Parts Stripped . | . . . . . Power Chain Reactions . | . . . . . Alert | -11 -10 -10 -9 -9 ------- Run | Yrd Mat Min Mat Min Peak Influence 364 | . 364 249 259 100 Initial 100 | . . 63 96 100 Average 119 | . 157 97 163 81 Maximum Alert Level 1 | . 1 1 1 . Low Security (%) 78 | 100 51 88 68 100 Level 1 21 | . 48 11 31 . Level 2 . | . . . . . Level 3 . | . . . . . Level 4 . | . . . . . Level 5 . | . . . . . High Security . | . . . . . Max Security . | . . . . . Squads Dispatched . | . . . . . Investigation . | . . . . . Extermination . | . . . . . Reinforcement . | . . . . . Assault . | . . . . . Garrison . | . . . . . Intercept . | . . . . . Searches Triggered . | . . . . . Construction Impeded . | . . . . . Haulers Reinforced . | . . . . . Active Scanning Responses . | . . . . . Cargo Convoy Interrupts . | . . . . . Stealth | -11 -10 -10 -9 -9 --------- Run | Yrd Mat Min Mat Min Distress Signals 1 | . . . 1 . Communications Jammed . | . . . . . Distress Signals . | . . . . . Times Spotted 42 | . 15 4 6 17 Peak Tracking Total 11 | . 3 3 3 11 Tactical Retreats . | . . . . . Traps | -11 -10 -10 -9 -9 ------- Run | Yrd Mat Min Mat Min Traps Triggered . | . . . . . Indirectly . | . . . . . Trap Hack Attempts . | . . . . . Triggered . | . . . . . Disarmed . | . . . . . Reprogrammed . | . . . . . Reused . | . . . . . Traps Extracted . | . . . . . Installed . | . . . . . Triggered . | . . . . . Machines | -11 -10 -10 -9 -9 ---------- Run | Yrd Mat Min Mat Min Machines Disabled 8 | . 4 2 1 1 Max in Single Turn 2 | . 2 1 1 1 Machines Repaired . | . . . . . Machines Dismantled . | . . . . . Machines Sabotaged . | . . . . . Overloaded Fab Kills . | . . . . . Hacking | -11 -10 -10 -9 -9 --------- Run | Yrd Mat Min Mat Min Machines Accessed 6 | . 1 . 4 1 Terminals 4 | . 1 . 3 . Fabricators . | . . . . . Repair Stations . | . . . . . Recycling Units 1 | . . . 1 . Scanalyzers . | . . . . . Garrison Access . | . . . . . Total Hacks 9 | . 1 . 7 1 Successful 7 | . 1 . 5 1 Failed 2 | . . . 2 . Catastrophic . | . . . . . Database Lockouts . | . . . . . Manual . | . . . . . Terminals 7 | . 1 . 6 . Fabricators . | . . . . . Repair Stations . | . . . . . Recycling Units 1 | . . . 1 . Scanalyzers . | . . . . . Garrison Access . | . . . . . Terminal Hacks 6 | . 1 . 4 1 Record 1 | . . . 1 . Open Door 1 | . . . . 1 Emergency Access Points 1 | . . . 1 . Scanalyzer Index 1 | . . . 1 . Locate Traps 1 | . . . 1 . Transport Status 1 | . 1 . . . Fabricator Hacks . | . . . . . Repair Station Hacks . | . . . . . Recycling Unit Hacks 1 | . . . 1 . Report Inventory 1 | . . . 1 . Scanalyzer . | . . . . . Garrison Access Hacks . | . . . . . Unauthorized Hacks . | . . . . . Terminals . | . . . . . Fabricators . | . . . . . Repair Stations . | . . . . . Recycling Units . | . . . . . Scanalyzers . | . . . . . Garrison Access . | . . . . . Data Cores Recovered . | . . . . . Used . | . . . . . Hacking Detections 2 | . . . 2 . Full Trace Events . | . . . . . Feedback Events . | . . . . . Feedback Blocked . | . . . . . Robot Schematics Acquired . | . . . . . Robots Built . | . . . . . Authchips . | . . . . . Time . | . . . . . Total Robot Build Rating . | . . . . . Part Schematics Acquired . | . . . . . Parts Built . | . . . . . Authchips . | . . . . . Time . | . . . . . Total Part Build Rating . | . . . . . Parts Repaired . | . . . . . Time . | . . . . . Parts Recycled . | . . . . . Recycled Matter . | . . . . . Retrieved Matter . | . . . . . Retrieved Components . | . . . . . Parts Scanalyzed . | . . . . . Part Schematics Acquired . | . . . . . Parts Damaged . | . . . . . Bothacking | -11 -10 -10 -9 -9 ------------ Run | Yrd Mat Min Mat Min Used RIF Installer . | . . . . . Robots Hacked . | . . . . . Non-combat . | . . . . . Combat . | . . . . . Robot Hacks Applied . | . . . . . Relay Couplers Released . | . . . . . Fabnet Peak Effective % . | . . . . . Robots Rewired . | . . . . . Allies Hacked . | . . . . . Hacks Repelled . | . . . . . Allies | -11 -10 -10 -9 -9 -------- Run | Yrd Mat Min Mat Min Total Allies . | . . . . . Largest Group . | . . . . . Highest-Rated Group . | . . . . . Highest-Rated Ally . | . . . . . Total Orders . | . . . . . Ally Attacks . | . . . . . Total Damage . | . . . . . Kills . | . . . . . Allies Corrupted . | . . . . . Allies Melted . | . . . . . Intel | -11 -10 -10 -9 -9 ------- Run | Yrd Mat Min Mat Min Robot Analysis Total . | . . . . . Derelict Logs Recovered 2 | . . 1 . 1 Drone Launches . | . . . . . Drone Recoveries . | . . . . . Exploration | -11 -10 -10 -9 -9 ------------- Run | Yrd Mat Min Mat Min Turns Passed 1589 | 54 405 209 375 546 Spaces Moved 1082 | 44 266 161 247 364 Core 12 | 12 . . . . Treads 2 | . . . . 2 Legs 1068 | 32 266 161 247 362 Wheels . | . . . . . Hover . | . . . . . Flight . | . . . . . Fastest Speed 50 | 50 120 120 120 120 Average Speed 119 | 100 120 120 120 120 Slowest Speed 160 | 120 120 120 120 160 Overloaded Moves . | . . . . . Propulsion Burnouts . | . . . . . Robots Hopped . | . . . . . Cave-ins Triggered . | . . . . . Exploration Rate (%) 38 | 3 47 45 29 69 Regions Visited 4 Branch Regions 2 Pre-discovered Areas 1 | . . 1 . . Known Exits Taken 3 | . 1 1 1 . Unknown Exits Taken 1 | 1 . . . . Scrap Searched 2 | . . 1 . 1 Spaces Dug 16 | . 16 . . . Terrain Destroyed 91 | . 53 38 . . Melee . | . . . . . Projectile . | . . . . . AOE 91 | . 53 38 . . Terrain Rammed . | . . . . . Walls Destroyed . | . . . . . Machines Disabled . | . . . . . Actions | -11 -10 -10 -9 -9 --------- Run | Yrd Mat Min Mat Min Total 1263 | 53 315 169 281 445 Wait 43 | . 5 1 3 34 Move 1078 | 43 265 160 246 364 Hop . | . . . . . Pick Up 28 | 5 9 1 3 10 Fast Attach 5 | . 2 . 2 1 Attach 17 | 5 3 . 2 7 Detach . | . . . . . Swap 15 | . 8 2 3 2 Drop 13 | . 4 1 1 7 Fire 64 | . 19 4 21 20 Melee . | . . . . . Ram . | . . . . . Kick . | . . . . . Crush . | . . . . . Escape Stasis . | . . . . . Rewire . | . . . . . Trap . | . . . . . Miscellaneous . | . . . . . Route ------- -11/Scrapyard -10/Materials (discovered 2 exits: *Mat / *Min) -10/Mines (discovered 2 exits: *Mat x2) -9/Materials (discovered 2 exits: *Mat / *Min) -9/Mines (discovered 1 exit: *Mat) History --------- Turn | Location | Event 7 | -11/Scrapyard | Discovered new exit (range 15) 55 | -11/Scrapyard | Entered Materials 219 | -10/Materials | Discovered new exit (range 14) 219 | -10/Materials | Discovered new exit (range 15) 304 | -10/Materials | Build established: Mutant 400 | -10/Materials | Identified exit to Materials 450 | -10/Materials | Identified exit to Mines 460 | -10/Materials | Entered Mines 483 | -10/Mines | Received a Rocket Launcher from a helpful Derelict 525 | -10/Mines | Learned location of Storage (-8) 612 | -10/Mines | Discovered exit to Materials (range 9) 641 | -10/Mines | Discovered exit to Materials (range 12) 669 | -10/Mines | Entered Materials 669 | -9/Materials | Evolved 2 slots: Propulsion x2 938 | -9/Materials | Discovered new exit (range 3) 946 | -9/Materials | Identified exit to Materials 1013 | -9/Materials | Discovered new exit (range 16) 1034 | -9/Materials | Identified exit to Mines 1044 | -9/Materials | Entered Mines 1070 | -9/Mines | Met a Derelict bent on vengeance 1133 | -9/Mines | Discovered exit to Materials (range 5) 1173 | -9/Mines | Met a Derelict who couldn't figure out how to use a Trap Extractor 1396 | -9/Mines | Learned location of 1 exit from Materials 1485 | -9/Mines | Assembled infested the area 1547 | -9/Mines | Lost 4 parts (1p2n1u) 1570 | -9/Mines | Core integrity fell below 50% 1584 | -9/Mines | Core integrity fell below 20% 1590 | -9/Mines | Destroyed by as-11534 with Assembled Rifle Last Messages --------------- K-01 Serf destroyed. as-57000 destroyed. Acquired 18 matter. as-08869 destroyed. Hvy. EM Shotgun destroyed. as-78385 destroyed. Acquired 8 matter. Lgt. Ion Engine destroyed. Hvy. EM Shotgun destroyed. Acquired 10 matter. Acquired Hrd. Light Armor Plating. System corrupted: Matter fused (-8). as-85465 misfires. Acquired Lgt. Treads. Imp. Aluminum Leg destroyed. Imp. EM Pulse Cannon destroyed. as-85832 destroyed. Hrd. Light Armor Plating destroyed. Med. Treads destroyed. Acquired Lgt. Armor Plating. Map ----- +----------------------------------------------------+ | ##??????## ###????????????????????????? | | ###??????## ##???????????????????????? | | # #???????## ##??????????????????????? | | ### #??????## #####??????????????????? | | ### #??????# ##### #??????????????????? | | #??????# ##???## #?????????????????? | | ######??????## ##????#### ##?????????????????? | | ?????????????#### ##?# #?####??????????????????? | | ????????????????## ## ##?????????????????????? | | ?????????????##### ## #?????????????????????? | | #???#####?#### #?????#??????????????? | | #??## ### ### #???# ??????????????? | | #### ## ## #?# #### ### ???????????????? | | ## ## #?# #???# ???????????????? | | ##### #?####???# ???????????????? | | #???# #?????????? ????????????????? | | ## ##???# #??????????? ????????????????? | | ########???## #???????????? % #????????????????? | | ##??????????# #?????????????#% #????????????????? | | ###?????????# #??????????????#% #????????????????? | | ####??????# #??????????????# [#????????????????? | | ###????# #??????????????# #????????????????? | | ###### #####??????????# #????????????????? | | ## #????####### #????????????????? | | ### #???##"!!%## #????????????????? | | ?## ######## #???#/[@[!!#% #????????????????? | | ## #####?## #???#!! a!!# ###??????????????? | | """ #?# ##??##aaa%##| ##?????????????? | | """ ### ######/a##%= #?????????????? | | """ #### =%%% ! #?????????????? | | ##??######## = ##?????????????? | | ##??????????## ##??????????????? | | ##????????????## #####???????????????? | | ##??????????????# ##???????????????????? | | ####???????????????## ##????????????????????? | | ##???????????????????#######?????????????????????? | | ?????????????????????????????????????????????????? | | ?????????????????????????????????????????????????? | | | | | | | | | | | | | | | | | | | | | | | | | +----------------------------------------------------+ Best States ------------- Heat Dissipation 28 Energy Generation 14 Energy Capacity 160 Matter Stores 300 Matter Capacity 300 Sight Range 16 Terrain Scan Density 10 Armor Coverage 150 Evasion (%) 55 Targeting Accuracy 6 Recoil Reduction 1 Item Schematics ----------------- None Robot Schematics ------------------ None Fabricated ------------ Nothing Alien Tech Used ----------------- None Achievements -------------- None Challenges ------------ None Game ------ Seed MicroMatterAnalyzer Manual? 0 Play Time 00:20:36 Cumulative 8.2 hours Start 2024.05.16 @ 15:50:01 End 2024.05.16 @ 16:10:50 Sessions 1 Manual Loads 0 Difficulty Rogue Special Mode None Game No. 15 Rogue 15 Adventurer 0 Explorer 0 Win Type - Total 0 Types 0/0/0/0/0/0/0/0/0 Lore% 9 Gallery% 19 Achievement% 14 Wizard Run 0 Options --------- Layout 1 ASCII 0 Keyboard 0 Movement Mouse Keybinds 0 Fullscreen 1 Font 24/Smallcaps Map View 50x35 Zoom Use 0% Tactical HUD 0 Map Filters NONE Filters NONE Steam 1 RUN: b4b89a4f-5d82-4fed-9876-7837452599ac